 Dungeon Crawl Stone Soup version 0.23-a0-405-g368ce007a8 (webtiles) character file.

120 Nixze the Firebug (level 4, -2/33 HPs)
             Began as a Draconian Fire Elementalist on Nov 6, 2018.
             Slain by a bullfrog (8 damage)
             ... on level 3 of the Dungeon.
             The game lasted 00:07:26 (3685 turns).

Nixze the Firebug (Draconian Fire Elementalist)     Turns: 3685, Time: 00:07:27

Health: -2/33      AC:  5    Str: 11    XL:     4   Next: 75%
Magic:  1/8        EV: 11    Int: 16    God:
Gold:   129        SH:  3    Dex: 11    Spells: 3/9 levels left

rFire    . . .     SeeInvis .   i - +0 dagger
rCold    . . .     Gourm    .   o - +0 buckler
rNeg     + . .     Faith    .   (armour unavailable)
rPois    .         Spirit   .   (helmet restricted)
rElec    .         Reflect  .   (no cloak)
rCorr    .         Harm     .   (no gloves)
MR       .....                  (no boots)
Stlth    +++.......             (no amulet)
HPRegen  0.11/turn              a - ring of stealth
MPRegen  0.11/turn              d - ring of positive energy

@: very slightly contaminated
A: unfitting armour, cold-blooded, AC +5
a: no special abilities


You were on level 3 of the Dungeon.
You were hungry.

You visited 1 branch of the dungeon, and saw 3 of its levels.

You collected 129 gold pieces.

Inventory:

Hand Weapons
 i - a +0 dagger (weapon)
Armour
 o - a +0 buckler (worn)
Jewellery
 a - a ring of stealth (left hand)
 d - a ring of positive energy (right hand)
 m - an uncursed ring of flight {unknown}
Scrolls
 c - 4 scrolls of identify {unknown}
 j - a scroll of remove curse {unknown}
 p - 2 scrolls of enchant armour {unknown}
Potions
 e - 2 potions of lignification
 f - 2 potions of brilliance
 g - a potion of agility {unknown}
 h - a potion of might {unknown}
 k - a potion of haste {unknown}
 l - 3 potions of heal wounds
 n - a potion of magic {unknown}
Comestibles
 b - 2 rations


   Skills:
 - Level 1.7 Dodging
 - Level 1.7 Stealth
 + Level 0.3 Shields
 + Level 3.1 Spellcasting
 + Level 2.6 Conjurations
 + Level 4.0 Fire Magic


You had 3 spell levels left.
You knew the following spells:

 Your Spells              Type           Power        Failure   Level  Hunger
a - Flame Tongue          Conj/Fire      ##...        8%          1    #......
b - Throw Flame           Conj/Fire      ##....       12%         2    ##.....
c - Conjure Flame         Conj/Fire      ##......     22%         3    ###....

Your spell library contained the following spells:

 Spells                   Type           Power        Failure   Level  Hunger
 Inner Flame              Hex/Fire       #.......     36%         3    ###....
 Sticky Flame             Conj/Fire      ##......     58%         4    #####..
 Fireball                 Conj/Fire      ##........   91%         5    ######.


Dungeon Overview and Level Annotations

Branches:
Dungeon (3/15)

Altars:
Dithmenos
Elyvilon
Zin


Innate Abilities, Weirdness & Mutations

Your plain brown scales are hard. (AC +5)
You cannot fit into any form of body armour.
You are cold-blooded and may be slowed by cold attacks.


Message History

The bullfrog hits you! The bullfrog hits you. The bullfrog hits you.
The bullfrog barely misses you.
Press: ? - help, v - describe, . - travel
Here: a bullfrog (heavily wounded)
The floor.
You closely miss the bullfrog.
The bullfrog is heavily wounded.
The bullfrog hits you!
The bullfrog hits you but does no damage.
You hit the bullfrog.
Your tail-slap misses the bullfrog.
The bullfrog is severely wounded.
You block the bullfrog's attack.
You hit the bullfrog but do no damage.
Your tail-slap misses the bullfrog.
The bullfrog is severely wounded.
The bullfrog closely misses you. The bullfrog hits you!
* * * LOW HITPOINT WARNING * * *
The bullfrog misses you. The bullfrog hits you!
You die...

.........# ... .........# ..
########## . '#
#############.############)###
.............................####
.......^.........................
#######<..).## #.#######.#.#..###
##########.# #..#.# # ####
#..@######....# ...##
###.F......##....# ÷...#
#.#####.######..# ....######
#.#..............
'##......#######.#.###...#....
.##..♣.............# #...†..##
###.♣_♣..######.#### #...#...
.....♣..#######.# #...#....
................. ....# ...


You could see a bullfrog.

Vanquished Creatures
  3 adders
  4 worms
  3 leopard geckos
  2 ball pythons (D:1)
  4 giant cockroaches
  6 goblins
  10 hobgoblins
  9 jackals
  A quokka (D:3)
  9 bats
  6 frilled lizards
  7 kobolds
  10 rats
74 creatures vanquished.

Notes
Turn   | Place    | Note
-------+----------+-------------------------------------------
     0 | D:1      | Nixze the Draconian Fire Elementalist began the quest for
                  | the Orb.
     0 | D:1      | Reached XP level 1. HP: 14/14 MP: 3/3
   377 | D:1      | Reached XP level 2. HP: 15/20 MP: 0/5
   387 | D:1      | Learned a level 2 spell: Throw Flame
  1268 | D:1      | Reached XP level 3. HP: 26/26 MP: 3/6
  2247 | D:2      | Reached XP level 4. HP: 12/33 MP: 0/8
  2532 | D:2      | Found a shadowy altar of Dithmenos.
  2622 | D:2      | Found a white marble altar of Elyvilon.
  3173 | D:3      | Learned a level 3 spell: Conjure Flame
  3265 | D:3      | Found a faded altar of an unknown god.
  3541 | D:3      | Found a glowing silver altar of Zin.
  3603 | D:3      | Reached skill level 4 in Fire Magic
  3664 | D:3      | Noticed a bullfrog
  3685 | D:3      | Slain by a bullfrog

Vault maps used:
D:1:      dpeg_arrival_stone_temple_mockup, serial_co_window_serial,
          co_window_of_opportunity_a, co_window_paths_a, co_window_cross_1,
          co_window_of_opportunity_a, co_window_paths_b, co_window_paths_a,
          co_window_paths_a, co_window_corner_b, co_window_broadway_a,
          co_window_paths_c, co_window_2corner, co_window_of_opportunity_c,
          co_window_4corner_a, glass_columns_b, glass_columns_a,
          minmay_shallow_snake_nest
D:2:      lemuel_round_altar, overflow_temple_1_default,
          hangedman_decor_riveting, minivault_23
D:3:      zin_scriptorium, first_ration, chequers_ecumenical_altar_simple

Skill      XL: |  1  2  3  4 |
---------------+-------------+-----
Conjurations   | 2 |  2.6
Spellcasting   | 3 |  3.1
Fire Magic     | 4 |  4.0
Dodging        | |  1.7
Stealth        | |  1.7
Shields        | |  0.3

Action                   |  1- 3 |  4- 6 || total
-------------------------+-------+-------++-------
Melee: Dagger            |    33 |    20 ||    53
       Tailslap          |     4 |     1 ||     5
 Cast: Flame Tongue      |    44 |    32 ||    76
       Throw Flame       |    28 |    21 ||    49
  Use: Potion            |       |     3 ||     3
  Eat: Chunk             |     2 |     6 ||     8
       Ration            |     1 |       ||     1
Armor: Skin              |    17 |     7 ||    24
Dodge: Dodged            |    38 |    17 ||    55
Block: Buckler           |       |     3 ||     3

Table legend:
 A = Non-vault XP
 B = Vault XP
 C = Vault XP percentage of total XP
 D = Non-vault monster count
 E = Vault monster count
 F = Vault count percentage of total count
                 A         B        C        D         E       F
            +---------+---------+-------+---------+---------+-------
      Total |     170 |       2 |   1.2 |      73 |       1 |   1.4
            +---------+---------+-------+---------+---------+-------
        D:1 |      47 |       2 |   4.1 |      28 |       1 |   3.4
        D:2 |      82 |       0 |   0.0 |      30 |       0 |   0.0
        D:3 |      41 |       0 |   0.0 |      15 |       0 |   0.0
            +---------+---------+-------+---------+---------+-------
